 Dungeon Crawl Stone Soup version 0.21-a0-509-gecc5317 (webtiles) character file.

42017 dvd the Cleaver (level 13, -3/100 HPs)
             Began as a Minotaur Fighter on Nov 29, 2017.
             Was a High Priest of Uskayaw.
             Slain by an entropy weaver (13 damage)
             ... on level 5 of the Lair of Beasts.
             The game lasted 00:50:13 (15210 turns).

dvd the Cleaver (Minotaur Fighter)                 Turns: 15210, Time: 00:50:15

Health: -3/100     AC:  7    Str: 25    XL:     13   Next: 83%
Magic:  12/19      EV: 15    Int:  9    God:    Uskayaw [*****.]
Gold:   935        SH: 14    Dex: 15    Spells: 7/12 levels left

rFire    . . .     SeeInvis .   a - +1 war axe (flame)
rCold    . . .     Gourm    .   z - +1 shield
rNeg     . . .     Faith    .   q - +0 acid dragon scales
rPois    +         Spirit   .   U - +2 hat {Int+3}
rElec    .         Reflect  .   (no cloak)
rCorr    +         Harm     .   g - +1 pair of gloves
MR       .....                  t - +2 pair of boots {run}
Stlth    ++++......             M - amulet of regeneration
HPRegen  1.06/turn              m - ring of poison resistance
MPRegen  0.16/turn              l - +5 ring of strength

@: corroded, quick
A: retaliatory headbutt, hooves 1, horns 2, molten scales 1, frail 1,
regeneration 1, shaggy fur 1
a: Stomp, Line Pass, Grand Finale, Renounce Religion


You were on level 5 of the Lair of Beasts.
You worshipped Uskayaw.
Uskayaw was aware of your devotion.
You were full.

You visited 3 branches of the dungeon, and saw 17 of its levels.
You also visited: Sewer, Ossuary and Ice Cave.

You collected 935 gold pieces.

Inventory:

Hand Weapons
 a - a +1 war axe of flaming (weapon)
 b - a +2 whip of venom
 i - a +1 whip of electrocution
 J - a +0 flail of protection
 L - a +0 battleaxe of electrocution
 N - a +1 flail of venom
 Q - the +9 staff of Wucad Mu {channel}
   (You found it on level 11 of the Dungeon)
Missiles
 w - 10 tomahawks (quivered)
Armour
 g - a +1 pair of gloves (worn)
 q - +0 acid dragon scales (worn)
 t - a +2 pair of boots of running (worn)
 z - a +1 shield (worn)
 T - a +1 ring mail of fire resistance
 U - a +2 hat of intelligence (worn)
Jewellery
 l - a +5 ring of strength (right hand)
 m - a ring of poison resistance (left hand)
 x - a +3 ring of intelligence
 C - an uncursed ring of protection from cold
 M - an amulet of regeneration (around neck)
 V - an uncursed amulet of the gourmand
Wands
 j - a wand of disintegration (9)
 n - a wand of acid (6)
 H - a wand of polymorph (11)
 O - a wand of paralysis (42)
 P - a wand of iceblast (13)
Scrolls
 d - 10 scrolls of remove curse
 e - 9 scrolls of teleportation
 k - 17 scrolls of identify
 o - 2 scrolls of blinking
 y - a scroll of fog
 W - a scroll of magic mapping
 X - a scroll of brand weapon
Potions
 p - 4 potions of curing
 A - 3 potions of brilliance
 B - 2 potions of agility
 E - a potion of haste
 F - 3 potions of flight
 G - a potion of might
 S - a potion of mutation
Books
 h - a book of Cantrips

   Spells                             Type                      Level
   a - Confusing Touch                Hexes                        1
   b - Animate Skeleton               Necromancy                   1
   c - Summon Small Mammal            Summoning                    1
   d - Apportation                    Translocation                1
 u - a book of Battle

   Spells                             Type                      Level
   a - Infusion                       Charms                       1
   b - Shroud of Golubria             Charms/Translocation         2
   c - Song of Slaying                Charms                       2
   d - Spectral Weapon                Hexes/Charms                 3
   e - Regeneration                   Charms/Necromancy            3
 v - a book of Misfortune

   Spells                             Type                      Level
   a - Confusing Touch                Hexes                        1
   b - Confuse                        Hexes                        3
   c - Gell's Gravitas                Translocation                3
   d - Petrify                        Transmutation/Earth          4
   e - Metabolic Englaciation         Hexes/Ice                    5
   f - Yara's Violent Unravelling     Hexes/Transmutation          5
 D - a book of Changes

   Spells                             Type                      Level
   a - Beastly Appendage              Transmutation                1
   b - Sticks to Snakes               Transmutation                2
   c - Spider Form                    Transmutation/Poison         3
   d - Ice Form                       Ice/Transmutation            4
   e - Blade Hands                    Transmutation                5
 I - a book of Geomancy

   Spells                             Type                      Level
   a - Sandblast                      Earth                        1
   b - Passwall                       Transmutation/Earth          2
   c - Stone Arrow                    Conjuration/Earth            3
   d - Petrify                        Transmutation/Earth          4
   e - Lee's Rapid Deconstruction     Earth                        5
 R - a book of Beasts

   Spells                             Type                      Level
   a - Summon Butterflies             Summoning                    1
   b - Call Canine Familiar           Summoning                    3
   c - Summon Ice Beast               Ice/Summoning                4
   d - Summon Mana Viper              Hexes/Summoning              5
   e - Summon Hydra                   Summoning                    7
Comestibles
 c - 3 meat rations
 f - 11 bread rations
 r - 23 royal jellies
 s - 19 fruits
 K - 4 chunks of flesh


   Skills:
 + Level 9.7 Fighting
 + Level 13.7(14.2) Axes
 + Level 6.7(11.3) Maces & Flails
 + Level 2.5(5.0) Staves
 + Level 8.8 Armour
 + Level 6.6 Dodging
 + Level 8.7 Stealth
 + Level 11.6 Shields
 + Level 0.2 Spellcasting
 * Level 2.4 Charms
 * Level 9.8 Invocations
 + Level 0.1 Evocations


You had 7 spell levels left.
You knew the following spells:

 Your Spells              Type           Power        Failure   Level  Hunger
a - Song of Slaying       Chrm           #.......     38%         2    ###....
b - Regeneration          Chrm/Necr      #.........   80%         3    ####...


Dungeon Overview and Level Annotations

Branches:
Dungeon (11/15)            Temple (1/1) D:5            Lair (5/6) D:9
 Shoals (0/4) Lair:3       Spider (0/4) Lair:4        Slime (0/5) Lair:5
    Orc: D:9-12

Altars:
Ashenzari
Cheibriados
Dithmenos
Gozag
Kikubaaqudgha
Makhleb
Nemelex Xobeh
Okawaru
Ru
Uskayaw
Wu Jian
Xom
Zin
Jiyva

Annotations:
Lair:2 exclusion: 3 oklob plants


Innate Abilities, Weirdness & Mutations

You reflexively headbutt those who attack you in melee.
You have a pair of horns on your head.
You have large cloven feet.
You are partially covered in molten scales. (AC +2)
You are frail. (-10% HP)
Your natural rate of healing is unusually fast.
You are covered in fur. (AC +1)


Message History

* * * LOW HITPOINT WARNING * * *
The entropy weaver closely misses you.
You slice the entropy weaver!! You burn the entropy weaver!
The entropy weaver is heavily wounded.
You barely miss the soldier ant.
Your song has ended.
The soldier ant closely misses you. You furiously retaliate!
You headbutt the soldier ant, but do no damage.
You block the entropy weaver's attack. x2; The entropy weaver hits you!
* * * LOW HITPOINT WARNING * * *
The entropy weaver hits you.
* * * LOW HITPOINT WARNING * * *
Unknown command.
You slash the soldier ant! You burn the soldier ant.
You kill the soldier ant!
You hit the entropy weaver but do no damage.
The entropy weaver closely misses you. The entropy weaver hits you.
* * * LOW HITPOINT WARNING * * *
You block the entropy weaver's attack. The entropy weaver hits you!
You die...

#####P## #.#....##
###......# ##.#..#'†'#
#### ##P...##...#
##..#######...###†.#..#
#...#...#....##..†###...#
.............#[.††.#
...?#
.........#..###.@a## ^.##
.......P...###..#†.# ..#
.........P##...###...#
#.. ..........#)... ....#
...#...#..##... ...##
...#.......### .#..#
.......#....# ###...
[............# ...
.............#


You could see an entropy weaver.

Vanquished Creatures
  Rupert (Lair:4)
  An entropy weaver (Lair:5)
  Fannar (Lair:1)
  Harold (Lair:1)
  4 hydras
  6 two-headed ogres
  A queen ant (Lair:5)
  Pikel (D:8)
  2 ugly things (IceCv)
  Joseph (Lair:1)
  Psyche (D:10)
  4 elephants (Lair:3)
  4 black mambas
  2 ice statues (IceCv)
  5 komodo dragons
  6 spiny frogs
  A rime drake (Lair:5)
  2 trolls
  The ghost of Regeox the Cudgeler, an amateur HOCK of Xom (Sewer)
  2 ice devils (Lair:4)
  A jumping spider (Lair:4)
  The ghost of Gwenloh the Sneak, a novice VSEn of Dithmenos (D:5)
  A polar bear (Lair:4)
  12 blink frogs
  5 dream sheep (Lair:5)
  A snapping turtle (Lair:3)
  6 hippogriffs
  2 redbacks (Lair:4)
  A wraith (D:11)
  A basilisk (Lair:3)
  7 yaks
  A wyvern (D:11)
  A hungry ghost (D:9)
  Eustachio (D:5)
  A steam dragon (D:11)
  2 hell hounds (D:9)
  15 soldier ants
  10 water moccasins
  7 porcupines
  Duvessa (D:5)
  10 ice beasts
  A sky beast (D:5)
  2 slaves (D:8)
  5 phantoms
  A necrophage (D:8)
  A swamp drake (Lair:3)
  4 centaurs
  15 wolves
  2 ogres
  10 crocodiles
  The ghost of Regeox the Ducker, an amateur SpCK of Xom (D:3)
  3 big kobolds
  14 bullfrogs
  A water moccasin zombie (D:8)
  6 scorpions
  Dowan (D:5)
  4 wights (D:9)
  22 killer bees
  10 crimson imps
  2 lava snakes (Lair:3)
  3 bullfrog zombies
  5 centaur zombies
  A quasit (D:8)
  9 hounds
  5 orc priests
  4 jellies
  2 bullfrog skeletons
  3 centaur skeletons
  A gnoll shaman (D:7)
  10 mummies (Ossuary)
  An iguana (D:7)
  31 worker ants
  5 orc wizards
  3 killer bee zombies (Ossuary)
  2 hound zombies (Ossuary)
  A worker ant zombie (Ossuary)
  11 gnolls
  9 adders
  4 shadow imps
  18 oozes
  4 adder zombies
  3 worms
  A dart slug (D:1)
  9 leopard geckos
  27 orcs
  16 giant cockroaches
  7 goblins
  8 hobgoblins
  5 jackals
  3 quokkas
  18 ball pythons
  7 bats
  20 frilled lizards
  A jackal skeleton (D:6)
  27 kobolds
  2 leopard gecko zombies (Ossuary)
  A quokka zombie (Ossuary)
  14 rats
  A rat zombie (D:5)
  A butterfly (D:10)
  3 fungi
  2 plants
547 creatures vanquished.

Vanquished Creatures (others)
  3 fungi
  4 plants
7 creatures vanquished.

Grand Total: 554 creatures vanquished

Notes
Turn   | Place    | Note
-------+----------+-------------------------------------------
     0 | D:1      | dvd the Minotaur Fighter began the quest for the Orb.
     0 | D:1      | Reached XP level 1. HP: 19/19 MP: 0/0
   164 | D:1      | Reached XP level 2. HP: 27/27 MP: 1/1
   401 | D:1      | Reached skill level 3 in Axes
   787 | D:2      | Reached XP level 3. HP: 29/33 MP: 2/2
  1516 | D:3      | Noticed Regeox's ghost (amateur SpCK)
  2229 | D:2      | Reached XP level 4. HP: 26/40 MP: 3/3
  2360 | D:3      | Noticed a water moccasin
  2379 | D:3      | Killed a water moccasin
  2379 | D:3      | Reached skill level 1 in Maces & Flails
  2379 | D:3      | Reached skill level 5 in Shields
  2379 | D:3      | Reached XP level 5. HP: 16/47 MP: 4/4
  2405 | D:2      | HP: 2/47 [poisoned by a water moccasin]
  2413 | D:2      | HP: 2/47 [poisoned by a water moccasin]
  2908 | D:3      | Noticed a centaur
  2939 | D:3      | Killed a centaur
  2939 | D:3      | Reached skill level 5 in Armour
  2939 | D:3      | Reached XP level 6. HP: 38/53 MP: 5/5
  3348 | D:3      | Killed Regeox's ghost
  3348 | D:3      | Reached skill level 1 in Dodging
  3483 | D:4      | Reached skill level 5 in Fighting
  3495 | D:4      | Reached XP level 7. HP: 18/61 MP: 6/6
  4391 | D:5      | Entered Level 5 of the Dungeon
  4509 | D:5      | Noticed Gwenloh's ghost (novice VSEn)
  4549 | D:5      | Killed Gwenloh's ghost
  4549 | D:5      | Reached XP level 8. HP: 60/68 MP: 7/7
  4594 | D:5      | Noticed Eustachio
  4614 | D:5      | Killed Eustachio
  4656 | D:5      | Found a staircase to the Ecumenical Temple.
  4663 | Temple   | Entered the Ecumenical Temple
  4774 | Temple   | Became a worshipper of Uskayaw the Reveler
  4800 | D:5      | Reached * piety under Uskayaw
  4802 | D:5      | Reached skill level 5 in Maces & Flails
  4807 | D:5      | Reached ** piety under Uskayaw
  4902 | D:5      | Found a sand-covered staircase.
  4910 | D:5      | Noticed Duvessa
  4910 | D:5      | Noticed Dowan
  4914 | Ossuary  | Entered an ossuary
  4925 | Ossuary  | Reached skill level 4 in Axes
  4929 | Ossuary  | Reached *** piety under Uskayaw
  4935 | Ossuary  | Reached **** piety under Uskayaw
  4941 | Ossuary  | Reached ***** piety under Uskayaw
  5076 | Ossuary  | Reached skill level 1 in Stealth
  5087 | Ossuary  | Reached skill level 5 in Axes
  5241 | D:5      | Killed Dowan
  5245 | D:5      | Killed Duvessa
  5245 | D:5      | Reached XP level 9. HP: 52/75 MP: 0/8
  5395 | D:5      | Reached skill level 6 in Axes
  5444 | D:5      | Gained mutation: You have large cloven feet. [mutagenic meat]
  5445 | D:5      | Gained mutation: You occasionally shout uncontrollably at your foes. [mutagenic meat]
  5446 | D:5      | Gained mutation: You are frail. (-10% HP) [mutagenic meat]
  5447 | D:5      | Gained mutation: You are resistant to hostile enchantments. (MR+) [mutagenic meat]
  5448 | D:5      | Gained mutation: Your body sometimes deteriorates upon taking damage. [mutagenic meat]
  5449 | D:5      | Gained mutation: You are very frail. (-20% HP) [mutagenic meat]
  5669 | D:5      | Identified a +2 pair of boots of running (You found it on level 5 of the Dungeon)
  6406 | D:6      | Found a glowing drain.
  6435 | Sewer    | Entered a sewer
  6579 | Sewer    | Noticed Regeox's ghost (amateur HOCK)
  6594 | Sewer    | Killed Regeox's ghost
  6594 | Sewer    | Reached skill level 7 in Axes
  6728 | Sewer    | Lost mutation: Your body sometimes deteriorates upon taking damage. [potion of mutation]
  6728 | Sewer    | Lost mutation: You are resistant to hostile enchantments. (MR+) [potion of mutation]
  6728 | Sewer    | Lost mutation: You occasionally shout uncontrollably at your foes. [potion of mutation]
  6728 | Sewer    | Gained mutation: You possess an exceptional clarity of mind. [potion of mutation]
  6728 | Sewer    | Lost mutation: You possess an exceptional clarity of mind. [potion of mutation]
  6728 | Sewer    | Gained mutation: You are partially covered in molten scales. (AC +2) [potion of mutation]
  6728 | Sewer    | Gained mutation: Your flesh is cold resistant. (rC+) [potion of mutation]
  6729 | Sewer    | Lost mutation: Your flesh is cold resistant. (rC+) [potion of mutation]
  6729 | Sewer    | Lost mutation: You are very frail. (-20% HP) [potion of mutation]
  6729 | Sewer    | Gained mutation: You are covered in fur. (AC +1) [potion of mutation]
  6729 | Sewer    | Gained mutation: Your natural rate of healing is unusually fast. [potion of mutation]
  7061 | D:6      | Found a shattered altar of Ashenzari.
  7403 | D:7      | Reached skill level 1 in Invocations
  7650 | D:7      | Reached skill level 8 in Axes
  7669 | D:7      | Reached XP level 10. HP: 75/75 MP: 10/10
  7887 | D:8      | Found a shadowy altar of Dithmenos.
  8135 | D:8      | Noticed Pikel
  8142 | D:8      | Killed Pikel
  8142 | D:8      | Reached skill level 10 in Shields
  8493 | D:9      | Reached skill level 9 in Axes
  8519 | D:9      | Noticed a two-headed ogre
  8535 | D:9      | Killed a two-headed ogre
  8713 | D:9      | Found a shimmering altar of Xom.
  8892 | D:9      | Noticed a two-headed ogre
  8899 | D:9      | Killed a two-headed ogre
  8934 | D:9      | Found a staircase to the Lair.
  8966 | D:9      | Reached XP level 11. HP: 74/82 MP: 13/13
  9200 | D:10     | Entered Level 10 of the Dungeon
  9262 | D:10     | Noticed a two-headed ogre
  9270 | D:10     | Killed a two-headed ogre
  9270 | D:10     | Reached skill level 10 in Axes
  9340 | D:10     | Found a runed door.
  9348 | D:10     | Found a runed door.
  9358 | D:10     | Reached skill level 5 in Invocations
  9359 | D:10     | Reached skill level 5 in Dodging
  9526 | D:10     | Learned a level 2 spell: Song of Slaying
  9587 | D:10     | Noticed Psyche
  9593 | D:10     | Noticed a two-headed ogre
  9598 | D:10     | Killed Psyche
  9607 | D:10     | Killed a two-headed ogre
  9607 | D:10     | Reached skill level 5 in Stealth
  9817 | D:10     | Noticed a two-headed ogre
  9824 | D:10     | Killed a two-headed ogre
  9990 | D:10     | Got a jewelled leather armour
 10001 | D:10     | Identified the cursed +0 leather armour of Wasted Space {+Fly} (You found it on level 10 of the Dungeon)
 10129 | D:11     | Found the +9 staff of Wucad Mu {channel}
 10157 | D:11     | Reached skill level 11 in Axes
 10184 | D:11     | Noticed a five-headed hydra
 10189 | D:11     | Noticed a five-headed hydra
 10300 | D:10     | Killed a five-headed hydra
 10472 | D:11     | Noticed a two-headed ogre
 10479 | D:11     | Killed a two-headed ogre
 10490 | D:11     | Noticed a cyan ugly thing
 10650 | Lair:1   | Entered Level 1 of the Lair of Beasts
 10983 | Lair:1   | Noticed Harold
 10997 | Lair:1   | Reached skill level 1 in Staves
 11037 | Lair:1   | Reached XP level 12. HP: 91/91 MP: 15/15
 11043 | Lair:1   | Noticed a five-headed hydra
 11056 | Lair:1   | Killed a five-headed hydra
 11093 | Lair:1   | Noticed Fannar
 11126 | Lair:1   | Killed Harold
 11141 | Lair:1   | Killed Fannar
 11465 | Lair:1   | Noticed Joseph
 11482 | Lair:1   | Killed Joseph
 11756 | Lair:2   | Reached skill level 12 in Axes
 13044 | Lair:3   | Noticed a seven-headed hydra
 13052 | Lair:3   | Killed a three-headed hydra
 13052 | Lair:3   | Reached XP level 13. HP: 83/99 MP: 18/18
 13248 | Lair:3   | Found a staircase to the Shoals.
 13469 | Lair:4   | Found a frozen archway.
 13513 | IceCv    | Entered an ice cave
 13514 | IceCv    | Found a transporter.
 13576 | IceCv    | Reached skill level 13 in Axes
 13619 | IceCv    | Learned a level 3 spell: Regeneration
 13666 | Lair:4   | Noticed Rupert
 13734 | Lair:4   | Killed Rupert
 14157 | Lair:4   | Reached skill level 1 in Charms
 14521 | Lair:4   | Found a hole to the Spider Nest.
 14787 | Lair:5   | Found a viscous altar of Jiyva.
 14787 | Lair:5   | Found a staircase to the Slime Pits.
 14978 | Lair:5   | Identified a scroll of acquirement
 15181 | Lair:5   | Noticed an entropy weaver
 15182 | Lair:5   | Noticed an entropy weaver
 15191 | Lair:5   | Killed an entropy weaver
 15210 | Lair:5   | Slain by an entropy weaver

Vault maps used:
D:1:      nicolae_arrival_somewhat_less_tricky_arrival, hangedman_decor_growths
D:2:      dk_vineyard_3
D:4:      kennysheep_dice
D:5:      minmay_temple_entry_trees, first_bread, enter_ossuary_3,
          minmay_misc_feat_four_crosses, hangedman_abyss_or_decor_lesser_grid,
          nicolae_zen_rock_garden, uniq_eustachio, uniq_duvessa
D:6:      marbit_many_paths, cheibrodos_sewer_entry_bend
D:8:      hangedman_little_slice_of_home, grunt_dithmenos_smoke_and_mirrors,
          uniq_pikel
D:9:      minmay_lair_entry_lava, basic_altar
D:10:     lemuel_insect_pit, library_closet, uniq_psyche
Temple:   roderic_octagonal_lattice_temple
Lair:1:   grunt_megastairs_2, uniq_joseph, uniq_harold, uniq_fannar
Lair:2:   grunt_megastairs_3, minmay_lair_oklob_chamber,
          infiniplex_staircase_pool
Lair:3:   beast_lair_carwin_large_2, minmay_shoals_entry_hut
Lair:4:   spider_nest_entry_funnel_web, portal_ice_cave_demonic_guard,
          uniq_rupert
Lair:5:   slime_altar_1, zaba_antful_of_joy, grunt_megastairs_1,
          serial_bayou_shore_b
Sewer:    sewer_frog_island_02
Ossuary:  ossuary_zaba_flooded
IceCv:    ice_cave_statue_garden_teleport

Skill      XL: |  1  2  3  4  5  6  7  8  9 10 11 12 13 |
---------------+----------------------------------------+-----
Armour         | 4 5 6 7 8 |  8.8
Fighting       | 4 5 6 7 8 9 |  9.7
Axes           | 3 5 8 9 11 12 13 | 13.7
Shields        | 4 5 7 8 9 10 11 | 11.6
Maces & Flails | 1 2 3 4 5 6 |  6.7
Dodging        | 1 2 3 4 5 6 |  6.6
Stealth        | 1 2 4 6 7 8 |  8.7
Invocations    | 1 4 6 8 9 |  9.8
Staves         | 1 2 |  2.5
Charms         | 2 |  2.4
Spellcasting   | |  0.2
Evocations     | |  0.1

Action                   |  1- 3 |  4- 6 |  7- 9 | 10-12 | 13-15 || total
-------------------------+-------+-------+-------+-------+-------++-------
Melee: War axe           |    98 |       |   274 |   273 |   205 ||   850
       Headbutt          |    12 |    19 |   133 |   135 |    68 ||   367
       Whip              |    39 |   105 |   211 |   114 |       ||   469
       Battleaxe         |       |       |       |   140 |       ||   140
       Staff             |       |       |       |    30 |       ||    30
Throw: Tomahawk          |       |       |     1 |       |       ||     1
 Cast: Song of Slaying   |       |       |       |       |     2 ||     2
Invok: Line Pass         |       |       |     5 |       |       ||     5
       Stomp             |       |       |     9 |    12 |     2 ||    23
       Grand Finale      |       |       |       |       |     1 ||     1
Evoke: Wand              |       |       |       |     4 |       ||     4
  Use: Potion            |     1 |     2 |    10 |     2 |     3 ||    18
       Scroll            |       |       |       |    15 |     4 ||    19
 Stab: Paralysed         |       |       |    14 |    62 |    28 ||   104
       Confused          |       |       |     1 |       |       ||     1
       Sleeping          |       |       |     1 |    19 |     7 ||    27
       Distracted        |       |       |       |     1 |       ||     1
  Eat: Chunk             |     2 |     4 |    23 |    20 |    14 ||    63
       Royal jelly       |     1 |       |       |       |       ||     1
       Fruit             |       |       |       |       |     1 ||     1
Armor: Scale mail        |     9 |       |       |       |       ||     9
       Chain mail        |    59 |    78 |   181 |       |       ||   318
       Skin              |       |     6 |     6 |       |       ||    12
       Acid dragon scale |       |       |    32 |   192 |    53 ||   277
Dodge: Dodged            |    39 |    22 |   128 |   305 |   113 ||   607
Block: Shield            |    66 |    75 |   325 |   265 |   163 ||   894

Table legend:
 A = Spawn XP
 B = Non-spawn XP
 C = Spawn XP percentage of total XP
 D = Spawn monster count
 E = Non-spawn monster count
 F = Spawn count percentage of total count
 G = Total turns spent on level
                    A         B        C        D         E        F      G
               +---------+---------+-------+---------+---------+-------+---------
         Total |       0 |   60025 |   0.0 |       0 |     539 |   0.0 | 15210
               +---------+---------+-------+---------+---------+-------+---------
           D:1 |       0 |      39 |   0.0 |       0 |      27 |   0.0 |   745
           D:2 |       0 |      81 |   0.0 |       0 |      18 |   0.0 |  1904
           D:3 |       0 |     424 |   0.0 |       0 |      22 |   0.0 |   783
           D:4 |       0 |     624 |   0.0 |       0 |      26 |   0.0 |   959
           D:5 |       0 |    1504 |   0.0 |       0 |      24 |   0.0 |  1069
           D:6 |       0 |     476 |   0.0 |       0 |      16 |   0.0 |   782
           D:7 |       0 |    1156 |   0.0 |       0 |      39 |   0.0 |   646
           D:8 |       0 |    2154 |   0.0 |       0 |      31 |   0.0 |   554
           D:9 |       0 |    3671 |   0.0 |       0 |      33 |   0.0 |   887
          D:10 |       0 |    6508 |   0.0 |       0 |      41 |   0.0 |  1130
          D:11 |       0 |    2079 |   0.0 |       0 |      11 |   0.0 |   205
        Lair:1 |       0 |    6351 |   0.0 |       0 |      19 |   0.0 |   866
        Lair:2 |       0 |    5225 |   0.0 |       0 |      27 |   0.0 |   830
        Lair:3 |       0 |    7781 |   0.0 |       0 |      34 |   0.0 |  1095
        Lair:4 |       0 |    8084 |   0.0 |       0 |      20 |   0.0 |  1213
        Lair:5 |       0 |    9794 |   0.0 |       0 |      48 |   0.0 |   423
         Sewer |       0 |     721 |   0.0 |       0 |      65 |   0.0 |   536
       Ossuary |       0 |     701 |   0.0 |       0 |      28 |   0.0 |   314
         IceCv |       0 |    2652 |   0.0 |       0 |      10 |   0.0 |   133
               +---------+---------+-------+---------+---------+-------+---------
